 Dungeon Crawl Stone Soup version 0.31-a0-978-g1e143483b6 (webtiles) character file.

Game seed: 7162623789548602665

8215 pokeman the Thaumaturge (level 11, -2/62 HPs)
             Began as a Deep Elf Hedge Wizard on Oct 30, 2023.
             Was an Elder of Vehumet.
             Killed from afar by an oklob plant (14 damage)
             ... with a splash of acid
             ... on level 10 of the Dungeon.
             The game lasted 00:24:24 (10732 turns).

pokeman the Thaumaturge (Deep Elf Hedge Wizard)    Turns: 10732, Time: 00:24:25

Health: -2/62      AC:  0    Str:  9    XL:     11   Next: 7%
Magic:  29/31      EV: 13    Int: 24    God:    Vehumet [****..]
Gold:   726        SH:  0    Dex: 14    Spells: 24/39 levels left

rFire   + . .        B - +8 falchion "Xidoceff" {speed, Contam rElec Str+2}
rCold   + . .        (no shield)
rNeg    . . .        K - +0 robe {rC+ rF+}
rPois   +            J - +0 helmet
rElec   +            (no cloak)
rCorr   .            (no gloves)
SInv    .            e - +0 pair of boots
Will    +....        (no amulet)
Stlth   ++           z - ring of poison resistance
HPRegen 0.30/turn    r - ring of wizardry
MPRegen 0.22/turn

%: wizardry (x1)
@: corroded
A: no striking features
a: Renounce Religion


You were on level 10 of the Dungeon.
You worshipped Vehumet.
Vehumet was greatly pleased with you.
You visited 2 branches of the dungeon, and saw 11 of its levels.

You collected 910 gold pieces.
You spent 184 gold pieces at shops.

Inventory:

Hand Weapons
 B - the +8 falchion "Xidoceff" (weapon) {speed, Contam rElec Str+2}
   (You bought it in a shop on level 5 of the Dungeon)

   Str+2:     It affects your strength (+2).
   rElec:     It insulates you from electricity.
   Contam:    It causes magical contamination when unequipped.
Missiles
 C - 3 throwing nets
Armour
 e - a +0 pair of boots (worn)
 l - a +1 ring mail of cold resistance
 v - an orb of light
 J - a +0 helmet (worn)
 K - a +0 robe of resistance (worn)
Magical Staves
 D - the staff of Integrity {rF+ rN+ Str+4 Necro}
   (You found it on level 5 of the Dungeon)

   [staff of death]

   Base accuracy: +5 Base damage: 5 Base attack delay: 1.2 This weapon's minimum
   attack delay (0.6) is reached at skill level 12.
   Str+4:     It affects your strength (+4).
   rF+:       It protects you from fire.
   rN+:       It protects you from negative energy.
   Necro:     It increases the power of your Necromancy spells.
   It falls into the 'Staves' category.
   It is a one-handed weapon.
Jewellery
 c - a ring of willpower
 m - a ring of see invisible
 r - a ring of wizardry (right hand)
 y - a +6 ring of strength
 z - a ring of poison resistance (left hand)
 H - a ring of flight
Wands
 q - a wand of roots (15)
 w - a wand of quicksilver (7)
 G - a wand of flame (70)
 I - a wand of paralysis (23)
Scrolls
 a - 5 scrolls of immolation {unknown}
 b - a scroll of enchant armour {unknown}
 h - 11 scrolls of identify {unknown}
 i - 5 scrolls of teleportation {unknown}
 j - 5 scrolls of amnesia {unknown}
 p - a scroll of brand weapon {unknown}
 s - a scroll of blinking {unknown}
 E - a scroll of poison {unknown}
 F - a scroll of silence {unknown}
Potions
 d - 2 potions of magic
 f - 2 potions of haste {unknown}
 g - 5 potions of curing {unknown}
 k - 3 potions of degeneration {unknown}
 n - 2 potions of brilliance {unknown}
 o - 3 potions of heal wounds {unknown}
 t - 2 potions of enlightenment {unknown}
 u - 2 potions of might {unknown}
 x - a potion of mutation {unknown}
 A - a potion of invisibility {unknown}


   Skills:
 + Level 4.6 Fighting
 - Level 4.0 Armour
 - Level 3.0 Dodging
 - Level 3.0 Stealth
 * Level 14.8 Spellcasting
 + Level 8.7 Conjurations
 - Level 1.1 Summonings
 + Level 7.0 Necromancy
 - Level 1.1 Translocations
 - Level 1.0 Transmutations
 + Level 1.9 Fire Magic
 - Level 1.2 Air Magic
 - Level 1.2 Poison Magic
 - Level 1.0 Evocations


You had 24 spell levels left.
You knew the following spells:

 Your Spells              Type           Power      Damage    Failure   Level
a - Magic Dart            Conj           100%       1d8       1%          1
b - Mephitic Cloud        Conj/Pois/Air  35%        N/A       1%          3
c - Call Imp              Summ           46%        N/A       1%          2
d - Blink                 Tloc           46%        N/A       1%          2
e - Iskenderun's Mystic   Conj/Tloc      41%        2d9       1%          4
f - Ignite Poison         Fire/Tmut/Pois 24%        N/A       1%          3

Your spell library contained the following spells:

 Spells                   Type           Power      Damage    Failure   Level
 Olgreb's Toxic Radiance  Pois           23%        N/A       2%          4
 Slow                     Hex            68%        N/A       1%          1
 Summon Small Mammal      Summ           92%        N/A       1%          1
 Cigotuvi's Dreadful Rot  Necr/Pois/Air  66%        N/A       1%          2
 Volatile Blastmotes      Fire/Tloc      50%        2d14      1%          3
 Fulminant Prism          Conj/Hex       19%        3d11      1%          4
 Call Canine Familiar     Summ           23%        N/A       2%          3
 Summon Guardian Golem    Hex/Summ       20%        N/A       3%          3
 Manifold Assault         Tloc           23%        N/A       9%          4


Dungeon Overview and Level Annotations

Branches:
Dungeon (10/15)            Temple (0/1) D:5            Lair (0/5) D:9
    Orc (1/2) D:9

Altars:
Cheibriados
Dithmenos
Kikubaaqudgha
Qazlal
Sif Muna
Vehumet
Yredelemnul
The Shining One

Shops:
D:5 ((   D:9 (

Annotations:
D:4 Potion behind glass
D:7 2 runed translucent doors, jasper's ghost, novice DsCA
D:10 exclusion: oklob plant


Message History

The mystic blast hits the orc!
You kill the orc!
Vehumet accepts your kill.
You feel your power returning.
You hear the steady creaking of a distant portcullis.
The orc hits you with a +0 trident.
Unknown command.
Casting: Iskenderun's Mystic Blast (dangerous; 1% risk of failure)
Confirm with . or Enter, or press ? or * to list all spells.
You erupt in a blast of force!
The mystic blast hits the glass eye!
The glass eye is almost dead.
The mystic blast hits the orc warrior!
The orc warrior is severely wounded.
The orc warrior is knocked back by the mystic blast.
The mystic blast hits the orc!
You kill the orc!
Vehumet accepts your kill.
Vehumet offers you knowledge of Olgreb's Toxic Radiance.
You feel your power returning. The oklob plant spits acid at you.
The splash of acid hits you! The acid corrodes you!
Unknown command.
Unknown command.
Casting: Iskenderun's Mystic Blast (dangerous; 1% risk of failure)
Confirm with . or Enter, or press ? or * to list all spells.
You erupt in a blast of force!
The mystic blast hits the orc warrior!
You kill the orc warrior!
Vehumet accepts your kill.
You feel your power returning.
The mystic blast hits the glass eye!
You kill the glass eye!
Vehumet accepts your kill.
You feel your power returning. The oklob plant spits acid at you.
The splash of acid hits you!!
* * * LOW HITPOINT WARNING * * *
Your Necromancy skill increases to level 7!
Found an escape hatch in the floor.
The oklob plant spits acid at you. The splash of acid hits you!
You die...

#.. #.# .# #.######## .#
#######.##...).# .#
......#.##.###.# #.####
#####.#.o....#.# .....##
#..o###.#.#.##......#
#...#......).#.......
#..........).@......#
.....................#
......................#
.......................#
$...........PP.........#
#.#.......P..PP.....####
..P>...P.....
......P......


You could see an oklob plant.

Vanquished Creatures
  Harold (D:9)
  2 two-headed ogres
  An elephant (D:9)
  An unseen horror (D:5)
  A kobold demonologist (D:10)
  Psyche (D:8)
  A glass eye (D:10)
  3 wyverns
  A basilisk (D:9)
  An acid dragon (D:9)
  An ice beast (D:5)
  3 orc warriors
  2 sky beasts
  5 black bears
  An ogre (D:5)
  3 centaurs
  A kobold brigand (D:9)
  5 bullfrogs
  5 scorpions
  3 gnoll sergeants
  12 wights
  5 killer bees (D:8)
  2 howler monkeys
  4 electric eels (D:5)
  4 orc priests
  3 jellies
  A sleepcap (D:4)
  2 hounds (D:5)
  4 iguanas
  16 orc wizards
  9 adders
  11 gnolls
  A shadow imp (D:6)
  3 white imps
  2 ufetubi (D:5)
  2 worms
  47 orcs
  4 ball pythons
  5 bats
  7 endoplasms
  3 giant cockroaches
  8 goblins
  9 hobgoblins
  5 jackals (D:5)
  4 quokkas
  3 training dummies (D:5)
  5 frilled lizards
  7 kobolds
  6 rats
236 creatures vanquished.

Vanquished Creatures (others)
  2 electric eels (D:5)
2 creatures vanquished.

Grand Total: 238 creatures vanquished

Notes
Turn   | Place    | Note
-------+----------+-------------------------------------------
     0 | D:1      | pokeman the Deep Elf Hedge Wizard began the quest for the
                  | Orb.
     0 | D:1      | Reached XP level 1. HP: 10/10 MP: 7/7
   378 | D:1      | Reached XP level 2. HP: 15/15 MP: 4/9
   934 | D:2      | Reached skill level 5 in Spellcasting
  1133 | D:2      | Reached XP level 3. HP: 20/20 MP: 7/11
  1137 | D:2      | Learned a level 3 spell: Mephitic Cloud
  1140 | D:2      | Learned a level 2 spell: Call Imp
  1143 | D:2      | Learned a level 2 spell: Blink
  1444 | D:2      | Reached skill level 1 in Fighting
  1977 | D:3      | Reached skill level 1 in Armour
  2038 | D:3      | Reached XP level 4. HP: 18/25 MP: 7/13
  2433 | D:3      | Reached skill level 6 in Spellcasting
  2433 | D:3      | Reached XP level 5. HP: 16/29 MP: 0/15
  2650 | D:3      | Found a snail-covered altar of Cheibriados.
  2746 | D:3      | Found a basalt altar of Yredelemnul.
  2935 | D:3      | Reached skill level 1 in Evocations
  3277 | D:4      | Noticed a black bear
  3289 | D:4      | Killed a black bear
  3290 | D:4      | Reached skill level 1 in Air Magic
  3290 | D:4      | Reached skill level 1 in Poison Magic
  3290 | D:4      | Reached XP level 6. HP: 24/34 MP: 9/17
  3432 | D:4      | Reached skill level 7 in Spellcasting
  3552 | D:4      | Found a shadowy altar of Dithmenos.
  3584 | D:4      | Reached XP level 7. HP: 12/39 MP: 6/20
  3932 | D:4      | Reached skill level 8 in Spellcasting
  4387 | D:4      | Found a radiant altar of Vehumet.
  4392 | D:4      | Became a worshipper of Vehumet
  4478 | D:5      | Entered Level 5 of the Dungeon
  4501 | D:5      | Found a stormy altar of Qazlal.
  4503 | D:5      | Noticed a two-headed ogre
  4506 | D:5      | Found a shimmering blue altar of Sif Muna.
  4513 | D:5      | Killed a two-headed ogre
  4514 | D:5      | Reached skill level 9 in Spellcasting
  4514 | D:5      | Reached skill level 5 in Conjurations
  4514 | D:5      | Reached XP level 8. HP: 46/46 MP: 12/23
  4637 | D:5      | Found a staircase to the Ecumenical Temple.
  4659 | D:5      | Reached skill level 10 in Spellcasting
  4836 | D:5      | Found Eloddain's Antique Weapon Boutique.
  4840 | D:5      | Bought a shimmering falchion for 184 gold pieces
  4840 | D:5      | Identified the +8 falchion "Xidoceff" {speed, Contam rElec
                  | Str+2} (You bought it in a shop on level 5 of the Dungeon)
  4970 | D:5      | Reached * piety under Vehumet
  4970 | D:5      | Offered knowledge of Sandblast by Vehumet.
  5157 | D:5      | Reached skill level 1 in Necromancy
  5218 | D:5      | Found a glowing golden altar of the Shining One.
  5423 | D:5      | Found an ancient bone altar of Kikubaaqudgha.
  5511 | D:5      | Learned a level 4 spell: Iskenderun's Mystic Blast
  5614 | D:5      | Reached skill level 11 in Spellcasting
  5639 | D:5      | Found Gaqo's Firing Range.
  5644 | D:5      | Identified the staff of Integrity {rF+ rN+ Str+4 Necro}
  5739 | D:5      | Reached XP level 9. HP: 50/51 MP: 21/26
  5940 | D:5      | Noticed an unseen horror
  5945 | D:5      | Killed an unseen horror
  6359 | D:6      | Offered knowledge of Poisonous Vapours by Vehumet.
  6446 | D:6      | Reached ** piety under Vehumet
  6487 | D:6      | Reached skill level 12 in Spellcasting
  8088 | D:7      | Found a large runed translucent door.
  8089 | D:7      | Found a large runed translucent door.
  8092 | D:7      | Noticed jasper's ghost (novice DsCA)
  8153 | D:8      | Reached skill level 13 in Spellcasting
  8155 | D:8      | Reached skill level 5 in Necromancy
  8155 | D:8      | Reached XP level 10. HP: 50/56 MP: 12/29
  8318 | D:8      | Noticed Psyche
  8339 | D:8      | Killed Psyche
  8339 | D:8      | Offered knowledge of Searing Ray by Vehumet.
  8918 | D:9      | Noticed Harold
  8937 | D:9      | Killed Harold
  8937 | D:9      | Reached *** piety under Vehumet
  9142 | D:9      | Noticed a two-headed ogre
  9147 | D:9      | Reached skill level 14 in Spellcasting
  9153 | D:9      | Killed a two-headed ogre
  9364 | D:9      | Found a staircase to the Orcish Mines.
  9365 | D:9      | Found Wozuna's Weapon Boutique.
  9378 | D:9      | Noticed an elephant
  9380 | D:9      | Offered knowledge of Ignite Poison by Vehumet.
  9419 | D:9      | Learned a level 3 spell: Ignite Poison
  9638 | D:9      | Killed an elephant
  9639 | D:9      | Reached skill level 1 in Transmutations
  9639 | D:9      | Reached skill level 1 in Fire Magic
 10056 | D:9      | Found a staircase to the Lair.
 10406 | Orc:1    | Entered Level 1 of the Orcish Mines
 10420 | D:10     | Entered Level 10 of the Dungeon
 10433 | D:10     | Reached XP level 11. HP: 61/62 MP: 29/31
 10460 | D:10     | Reached **** piety under Vehumet
 10704 | D:10     | Noticed an oklob plant
 10729 | D:10     | Offered knowledge of Olgreb's Toxic Radiance by Vehumet.
 10732 | D:10     | Killed from afar by an oklob plant

Illustrated notes

Levels and vault maps discovered:
D:1:      ldierk_walled_garden_2, layout_rooms, serial_park_tiny_2
D:2:      layout_basic
D:3:      minmay_spotlight, layout_loops_cross, mainiacjoe_overflow_alcove_1,
          nicolae_overflow_hidden_temple, st_stairs_11
D:4:      layout_basic, kennysheep_little_box, nicolae_dithmenos_shadow_blocks,
          serial_glass, glass_columns_a, glass_columns_c, item_on_display_a,
          item_on_display_a, minmay_strange_pillars
D:5:      cheibrodos_two_vegetables, layout_cave_pools,
          nicolae_tso_carved_into_rock, lemuel_round_altar,
          mainiacjoe_overflow_catwalk_spiral, minmay_temple_entry_mist,
          serial_gnoll_camp, gnoll_camp_mini_hut, gnoll_camp_mini_shop,
          gnoll_camp_mini_hut, gnoll_camp_mini_basic, nicolae_shop_firing_range
D:6:      layout_basic, dreamdust_wishing_well, minmay_gold_behind_fungi
D:7:      kennysheep_spiral_hall, layout_cave_pools,
          ebering_ghost_disaster_area, kennysheep_generic_room_14
D:8:      layout_rooms, uniq_psyche
D:9:      layout_loops_ring, david_lair_generic, orc_david_3, uniq_harold
D:10:     layout_basic, enter_bailey_2, disabler_island
Orc:1:    layout_diamond_mine, basic_altar, serial_shops, nicolae_lakefront_shop

Skill      XL: |  1  2  3  4  5  6  7  8  9 10 11 |
---------------+----------------------------------+-----
Spellcasting   | 5 6 7 9 11 13 14 | 14.8
Fighting       | 1 3 4 |  4.6
Armour         | 1 2 3 4 |  4.0
Conjurations   | 2 3 5 6 7 8 |  8.7
Stealth        | 3 |  3.0
Dodging        | 3 |  3.0
Evocations     | 1 |  1.0
Air Magic      | 1 |  1.2
Poison Magic   | 1 |  1.2
Necromancy     | 2 5 6 7 |  7.0
Transmutations | 1 |  1.0
Fire Magic     | 1 |  1.9
Summonings     | |  1.1
Translocations | |  1.1

Action                     |  1- 3 |  4- 6 |  7- 9 | 10-12 || total
---------------------------+-------+-------+-------+-------++-------
  Melee: Whip              |    34 |    34 |    30 |       ||    98
         Punch             |     1 |     2 |       |     1 ||     4
         Falchion          |       |       |   121 |   102 ||   223
   Cast: Magic Dart        |    89 |    69 |   168 |    11 ||   337
         Mephitic Cloud    |     4 |    10 |    31 |    28 ||    73
         Blink             |       |     1 |     1 |       ||     2
         Call Imp          |       |       |     1 |       ||     1
         Iskenderun's Myst |       |       |    21 |    36 ||    57
         Ignite Poison     |       |       |       |     7 ||     7
   Stab: Confused          |     2 |     4 |    13 |    10 ||    29
         Sleeping          |       |       |     2 |       ||     2
 Armour: Robe              |    15 |    33 |    98 |    67 ||   213
  Dodge: Dodged            |    20 |    36 |   106 |    55 ||   217

Table legend: (Time is in decaauts)
 A = Elapsed time spent in this place.
 B = Non-inter-level travel time spent in this place.
 C = Inter-level travel time spent in this place.
 D = Time resting spent in this place.
 E = Time spent auto-exploring this place.
 F = Levels seen in this place.
 G = Mean time per level.
                   A        B        C        D        E       F      G
               +--------+--------+--------+--------+--------+-----+--------+
         Total |  10723 |  10356 |    367 |    171 |   8403 |  11 |  974.8 |
       Dungeon |  10721 |  10354 |    367 |    171 |   8403 |  10 | 1072.1 |
  Orcish Mines |      1 |      1 |      0 |      0 |      0 |   1 |    1.0 |
               +--------+--------+--------+--------+--------+-----+--------+

Top non-repeatable levels by time:
     D:5: 1722 daAuts
     D:9: 1545 daAuts
     D:3: 1378 daAuts
     D:2: 1168 daAuts
     D:4: 1162 daAuts
     D:6: 1109 daAuts
     D:7: 833 daAuts
     D:1: 775 daAuts
     D:8: 771 daAuts
    D:10: 255 daAuts
   Orc:1: 1 daAuts
